 Dungeon Crawl Stone Soup version 0.17.0-22-g5edae84 (console) character file.

150 Kloppie the Skirmisher (level 5, -3/42 HPs)
             Began as a Demonspawn Fighter on Nov 13, 2015.
             Slain by a white imp (5 damage)
             ... summoned by Eustachio
             ... on level 4 of the Dungeon.
             The game lasted 00:05:03 (2986 turns).

Kloppie the Skirmisher (Demonspawn Fighter)         Turns: 2986, Time: 00:05:03

Health: -3/42      AC:  8    Str: 17    XL:     5   Next: 10%
Magic:  5/5        EV:  6    Int: 10    God:
Gold:   165        SH:  8    Dex: 12    Spells: 0 memorised, 4 levels left

rFire  . . .     SeeInvis .     a - +0 flail
rCold  . . .     Clarity  .     b - +0 scale mail
rNeg   . . .     SustAt   .     c - +0 shield
rPois  .         Gourm    .     (helmet restricted)
rElec  .         Spirit   .     (no cloak)
rCorr  .         Warding  .     w - +0 pair of gloves
rMut   .         Stasis   .     (no boots)
MR     .....                    (no amulet)
Stlth  +.........               (no ring)
                                (no ring)

@: not resistant to hostile enchantments, very unstealthy
A: hooves 1, horns 1, nightstalker 1
a: no special abilities


You were on level 4 of the Dungeon.
You were not hungry.

You visited 1 branch of the dungeon, and saw 4 of its levels.

You collected 165 gold pieces.

Inventory:

Hand Weapons
 a - a +0 flail (weapon)
Armour
 b - a +0 scale mail (worn)
 c - a +0 shield (worn)
 w - a +0 pair of gloves (worn)
 F - a +0 chain mail
Wands
 y - a wand of polymorph (21)
 E - a wand of disintegration (19)
Scrolls
 g - 5 scrolls of teleportation {unknown}
 i - 3 scrolls of immolation {unknown}
 k - 3 scrolls of identify {unknown}
 n - 2 scrolls of fear {unknown}
 u - 3 scrolls of remove curse {unknown}
 v - a scroll of amnesia {unknown}
 A - a scroll of blinking {unknown}
 C - a scroll of enchant armour {unknown}
Potions
 d - 3 potions of might
 f - a potion of cancellation {unknown}
 h - 2 potions of agility {unknown}
 j - 3 potions of curing {unknown}
 l - a potion of brilliance {unknown}
 m - 3 potions of heal wounds {unknown}
 o - a potion of invisibility {unknown}
 p - 2 potions of poison {unknown}
 z - a potion of lignification {unknown}
 B - a potion of berserk rage {unknown}
 G - a potion of resistance {unknown}
 H - 2 potions of ambrosia {unknown}
Books
 t - a book of Air

   Spells                             Type                      Level
   a - Shock                          Conjuration/Air              1
   b - Swiftness                      Charms/Air                   2
   c - Repel Missiles                 Charms/Air                   2
   d - Static Discharge               Conjuration/Air              3
   e - Lightning Bolt                 Conjuration/Air              5
Comestibles
 e - 4 bread rations
 q - a meat ration
 r - a slice of pizza
 s - 2 beef jerkies
 x - 3 fruits
 D - a chunk of flesh


   Skills:
 + Level 4.1 Fighting
 + Level 3.3 Maces & Flails
 + Level 3.5 Armour
 - Level 2.6 Shields


You had 4 spell levels left.
You didn't know any spells.

Dungeon Overview and Level Annotations

Branches:
Dungeon (4/15)
 Temple: D:4-7

Altars:

Annotations:
D:4 Eustachio


Innate Abilities, Weirdness & Mutations

You have large cloven feet.
You have a pair of small horns on your head.
You are slightly more attuned to the shadows.


Message History

The iron imp hits you but does no damage.
The quasit bites you but does no damage.
You block the quasit's attack.
The quasit claws you but does no damage.
The iron imp disappears for a moment.
The white imp hits you.
* * * LOW HITPOINT WARNING * * *
The white imp freezes you.
* * * LOW HITPOINT WARNING * * *
You see here 25 bolts.
You block the quasit's attack.
The quasit claws you but does no damage. x2
Eustachio completely misses you.
The quasit bites you but does no damage.
You block the quasit's attack.
The quasit claws you but does no damage.
The white imp hits you.
* * * LOW HITPOINT WARNING * * *
The white imp freezes you.
You die...

..?.....###...
...
.........#....
...
...............
...
#..............!#
...
##..............#
..#
#........>....###
#.#
#........5.@.##
##........55.##
#.........@###
#.......##
#......##
#...#..#
#..###..## ##
##..# #..# ##.##
#..# #


You could see Eustachio, an iron imp, a quasit and a white imp.

Vanquished Creatures
  A scorpion (D:4)
  A hound skeleton (D:4)
  3 adders
  An ooze (D:1)
  3 worms
  3 giant geckos
  2 ball pythons
  3 giant cockroaches (D:1)
  5 hobgoblins
  7 jackals
  4 kobolds
  2 quokkas
  5 bats
  A giant gecko skeleton (D:4)
  3 giant newts
  5 goblins
  5 rats
54 creatures vanquished.

Notes
Turn   | Place    | Note
--------------------------------------------------------------
     0 | D:1      | Kloppie the Demonspawn Fighter began the quest for the Orb.
     0 | D:1      | Reached XP level 1. HP: 18/18 MP: 1/1
    79 | D:1      | Gained mutation: You are slightly more attuned to the shadows. [demonic ancestry]
    79 | D:1      | Reached XP level 2. HP: 18/24 MP: 2/2
   984 | D:2      | Reached XP level 3. HP: 29/29 MP: 3/3
  2324 | D:3      | Gained mutation: You have a pair of small horns on your head. [demonic ancestry]
  2324 | D:3      | Reached XP level 4. HP: 37/37 MP: 4/4
  2868 | D:4      | Reached skill level 4 in Fighting
  2868 | D:4      | Gained mutation: You have large cloven feet. [demonic ancestry]
  2868 | D:4      | Reached XP level 5. HP: 37/42 MP: 5/5
  2962 | D:4      | Noticed Eustachio
  2986 | D:4      | HP: 2/42 [white imp[Eustachio] (3)]
  2986 | D:4      | Slain by a white imp

Action                   |  1- 3 |  4- 6 || total
-------------------------+-------+-------++-------
Melee: Flail             |   184 |    79 ||   263
  Eat: Chunk             |     5 |     2 ||     7
